 Dungeon Crawl Stone Soup version bcrawl-1.12-8-g964540c432 (webtiles) character file.

Game seed: 15439598187225411612

188890 Morbidden the Eclecticist (level 18, -4/120 HPs)
             Began as a Fairy Conjurer on June 2, 2019.
             Was the Champion of Vehumet.
             Killed from afar by an Ice Fiend (25 damage)
             ... with a bolt of cold
             ... in an ice cave.
             The game lasted 01:09:27 (21168 turns).

Morbidden the Eclecticist (Fairy Conjurer)         Turns: 21168, Time: 01:09:27

Health: -4/120     AC: 17    Str:  6    XL:     18   Next: 56%
Magic:  0/51       EV: 28    Int: 29    God:    Vehumet [******]
Gold:   1960       SH: 22    Dex: 14    Spells: 18/53 levels left

rFire    . . .     SeeInvis .   a - +4 scimitar (flame)
rCold    + . .     Gourm    .   J - +2 buckler {rF+}
rNeg     . . .     Faith    .   (armour unavailable)
rPois    +         Spirit   +   G - +2 helmet {Int+3}
rElec    .         Reflect  .   F - +1 cloak {rPois}
rCorr    .         Harm     .   l - +0 pair of gauntlets of War {Slay+6}
MR       +....                  j - +1 pair of boots
Stlth    +.........             E - amulet of guardian spirit
HPRegen  0.30/turn              Y - ring of ice
MPRegen  0.32/turn              w - ring of magical power

@: flying evasively
A: small, magic attunement, unstealthy, unfitting armour, able to fly, AC/SH +9
a: Stop Flying, Renounce Religion


You were in an ice cave.
You worshipped Vehumet.
Vehumet was exalted by your worship.
You were not hungry.

You visited 4 branches of the dungeon, and saw 21 of its levels.
You also visited: Gauntlet and Ice Cave.

You collected 2480 gold pieces.
You spent 520 gold pieces at shops.

Inventory:

Hand Weapons
 a - a +4 scimitar of flaming (weapon)
Missiles
 X - a throwing net (quivered) {!f}
Armour
 j - a +1 pair of boots (worn)
 l - the +0 pair of gauntlets of War (worn) {Slay+6}
   (You found it on level 6 of the Lair of Beasts)

   It affects your accuracy and damage with ranged weapons and melee attacks
   (+6).
 F - a +1 cloak of poison resistance (worn)
 G - a +2 helmet of intelligence (worn)
 J - a +2 buckler of fire resistance (worn)
Jewellery
 m - a +4 ring of evasion
 w - a ring of magical power (right hand)
 E - an amulet of guardian spirit (around neck)
 N - a cursed ring of protection from fire
 Y - a ring of ice (left hand)
Wands
 e - a wand of paralysis (13)
 g - a wand of digging (24)
 A - a wand of flame (21)
 B - a wand of disintegration (33)
 D - a wand of random effects (10)
 H - a wand of clouds (10)
 K - a wand of acid (7)
 O - a wand of scattershot (7)
 W - a wand of iceblast (21)
Scrolls
 f - 6 scrolls of fog
 i - 4 scrolls of amnesia
 t - a scroll of magic mapping
 u - 9 scrolls of remove curse
 v - 4 scrolls of fear
 y - 5 scrolls of teleportation
 C - 6 scrolls of identify
 P - 2 scrolls of torment
 Q - 2 scrolls of immolation
 R - 5 scrolls of enchant weapon
 U - a scroll of vulnerability
 V - 2 scrolls of blinking
Potions
 c - 2 potions of cancellation
 d - 7 potions of curing
 h - 6 potions of haste
 k - 6 potions of heal wounds
 n - 6 potions of mutation
 p - 2 potions of invisibility
 q - 2 potions of lignification
 r - a potion of ambrosia {unknown}
 s - a potion of flight {unknown}
 x - a potion of berserk rage {unknown}
 z - a potion of might {unknown}
 I - 2 potions of degeneration {unknown}
 L - 3 potions of agility
 M - 4 potions of magic {unknown}
 S - a potion of resistance
 Z - 2 potions of brilliance {unknown}
Miscellaneous
 o - a lightning rod (4/4)
 T - 2 boxes of beasts
Comestibles
 b - 40 rations {!d}


   Skills:
 * Level 10.0 Fighting
 * Level 8.7 Long Blades
 * Level 15.2 Dodging
 - Level 2.0 Stealth
 * Level 14.0 Shields
 * Level 18.0 Spellcasting
 + Level 15.2 Conjurations
 * Level 4.8 Summonings
 + Level 5.0 Air Magic
 + Level 2.1 Earth Magic
 + Level 2.2 Evocations


You had 18 spell levels left.
You knew the following spells:

 Your Spells              Type           Power        Failure   Level  Hunger
a - Iskenderun's Mystic   Conj           #######.     0%          3    None
b - Searing Ray           Conj           ######       0%          2    None
c - Magic Dart            Conj           ####         0%          1    None
d - Airstrike             Air            ######....   1%          4    None
e - Lee's Rapid Deconstr  Erth           #####.....   5%          5    None
f - Orb of Destruction    Conj           #######...   1%          7    None
g - Spellforged Servitor  Conj/Summ      ######....   6%          7    None
h - Freezing Cloud        Conj/Ice/Air   #######...   4%          6    None

Your spell library contained the following spells:

 Spells                   Type           Power        Failure   Level  Hunger
 Apportation              Tloc           ####..       1%          1    None
 Flame Tongue             Conj/Fire      #####        1%          1    None
 Infusion                 Chrm           ####....     1%          1    None
 Sandblast                Erth           #####.       1%          1    None
 Shock                    Conj/Air       ####         1%          1    None
 Slow                     Hex            ####....     1%          1    None
 Summon Butterflies       Summ           ######..     1%          1    None
 Call Imp                 Summ           ######..     1%          2    None
 Passwall                 Tmut/Erth      ####....     1%          2    None
 Swiftness                Chrm/Air       #####...     1%          2    None
 Conjure Flame            Conj/Fire      ######..     1%          3    None
 Dazzling Spray           Conj/Hex       ######       1%          3    None
 Mephitic Cloud           Conj/Pois/Air  ######..     1%          3    None
 Recall                   Summ/Tloc      N/A          1%          3    None
 Static Discharge         Conj/Air       ######..     1%          3    None
 Stone Arrow              Conj/Erth      ######       1%          3    None
 Fulminant Prism          Conj/Hex       ######....   1%          4    None
 Irradiate                Conj/Tmut      ######....   1%          5    None
 Lightning Bolt           Conj/Air       ######....   1%          5    None
 Blink                    Tloc           N/A          2%          2    None
 Song of Slaying          Chrm           ####....     2%          2    None
 Confuse                  Hex            ####....     4%          3    None
 Ozocubu's Armour         Chrm/Ice       #####...     4%          3    None
 Regeneration             Chrm/Necr      ####......   4%          3    None
 Spectral Weapon          Hex/Chrm       ####....     4%          3    None
 Yara's Violent Unravell  Hex/Tmut       ####......   4%          4    None
 Summon Scorpions         Summ/Pois      #####...     6%          4    None
 Petrify                  Tmut/Erth      ####....     11%         4    None
 Metabolic Englaciation   Hex/Ice        #####.....   41%         5    None
 Summon Hydra             Summ           ######....   89%         7    None


Dungeon Overview and Level Annotations

Branches:
Dungeon (12/12)            Temple (0/1) D:7            Lair (6/6) D:10
  Swamp (0/3) Lair:4        Snake (0/3) Lair:2        Slime (0/5) Lair:6
    Orc (1/1) D:8             Elf (2/3) Orc          Vaults (0/3) D:11
 Depths (0/5) D:12

Altars:
Ashenzari
Dithmenos
Hepliaklqana
Kikubaaqudgha
Lugonu
Makhleb
Nemelex Xobeh
Okawaru
Vehumet
Yredelemnul
Beogh

Shops:
D:9 *   D:10 *   D:11 *([[?   Orc [*:?(   Elf:1 }

Portals:
Pandemonium: Orc


Innate Abilities, Weirdness & Mutations

Your spells do not cause hunger and MP costs are reduced by 1.
Your bright wings attract enemies. (Stealth-)
You cannot fit into any form of body armour.
Your shimmering scales are hard and can block incoming attacks. (AC +9, SH +9)
You are small and have problems with some larger weapons.
You can fly continuously.


Message History

The Ice Fiend is almost dead.
The Ice Fiend calls on the powers of darkness!
Your body is wracked with pain!
* * * LOW HITPOINT WARNING * * *
Unknown command.
Casting: Orb of Destruction (safe; 1% risk of failure)
Confirm with . or Enter, or press ? or * to list all spells.
You don't have enough magic to cast that spell.
Unknown command.
Unknown command.
You feel much better. You block the Ice Fiend's attack.
The Ice Fiend claws you!!
* * * LOW HITPOINT WARNING * * *
The Ice Fiend freezes you!! You resist.
* * * LOW HITPOINT WARNING * * *
Unknown command.
You feel much better. The Ice Fiend gestures at you. The bolt of cold hits you!
You resist.
You die... ###≈≈≈≈≈≈≈### ... ####≈≈≈≈≈≈≈≈# ... .#####≈≈≈≈≈≈# #.Z ...###≈≈≈≈≈≈# #ZZ

##...##≈≈≈≈≈# ##.1
#..###≈≈≈≈####Z. ###.####≈≈≈##ZW#
#####..##≈≈≈###1####
.##...##≈≈≈≈≈≈#.@..#
.###..#≈≈≈≈≈≈≈≈####..#
##..###≈≈≈≈≈≈≈≈≈≈### ≈.# ..###
#≈≈≈≈≈≈≈##.#.# . ###
##≈≈≈≈≈≈≈##./##### ≈###
##≈≈≈#≈≈≈###....###
##.#####≈≈≈######....#...## §
...#.##≈≈##..##.....####..###§§§#
....#.≈######......## ##......#


You could see an Ice Fiend, a freezing wraith, an elephant simulacrum and an
ettin simulacrum.

Vanquished Creatures
  Gastronok (Lair:3)
  Rupert (D:11)
  A deep elf sorcerer (Elf:1)
  A minotaur (Gauntlet)
  A deep elf death mage (Elf:1)
  Josephine (D:12)
  7 hydras
  Fannar (D:11)
  Erolcha (D:10)
  3 catoblepae (Lair:6)
  2 ogre magi (D:12)
  Erica (D:11)
  11 two-headed ogres
  A centaur warrior (D:11)
  The ghost of Vatovie the Basher, a journeyman GrFi of the Shining One (D:10)
  5 death yaks (Lair:6)
  8 orc high priests
  5 dancing weapons
  Sonja (Lair:3)
  3 deep elf knights
  A sixfirhy (Orc)
  2 glowing orange brains (Gauntlet)
  A deep troll (D:11)
  5 deep elf archers
  A gelid demonspawn (Orc)
  3 infernal demonspawn (Orc)
  2 lindwurms
  3 cyclopes
  37 deep elf magi
  A wizard (D:12)
  A shining eye (Gauntlet)
  5 orc knights
  2 oklob plants (Lair:2)
  5 orc sorcerers
  4 ugly things
  2 manticores (Lair:6)
  2 black mambas
  Maurice (D:9)
  5 elephants
  A centaur zombie (D:10)
  A guardian serpent (shapeshifter) (D:12)
  11 cane toads
  An eye of devastation (Gauntlet)
  A smoke demon (Orc)
  An ice statue (IceCv)
  A naga mage (D:12)
  An orange demon (Orc)
  2 minotaur zombies (Gauntlet)
  2 kobold demonologists (D:12)
  An efreet (D:10)
  2 anaconda simulacra (IceCv)
  4 ice devils (IceCv)
  6 komodo dragons
  4 freezing wraiths
  6 trolls
  3 meliai (D:12)
  2 hornets
  2 tyrant leeches (Lair:4)
  A polar bear (Lair:4)
  14 blink frogs
  4 slime creatures (D:12)
  4 hippogriffs
  3 dire elephant simulacra (IceCv)
  3 water elementals
  Eustachio (D:6)
  A shadow (D:11)
  A wyvern (D:12)
  2 fire elementals (Elf:1)
  5 wraiths
  58 yaks
  A golden eye (Gauntlet)
  16 humans (D:11)
  Grum (D:9)
  A chaos spawn (Orc)
  A hungry ghost (D:10)
  A basilisk (Lair:4)
  2 death yak simulacra (IceCv)
  2 swamp worms (Lair:4)
  2 harpy simulacra (IceCv)
  4 vampire mosquitoes (D:12)
  3 iron troll simulacra (IceCv)
  7 nagas (Lair:2)
  3 wargs
  7 water moccasins
  2 hydra simulacra (IceCv)
  2 floating eyes (Gauntlet)
  5 porcupines
  An ettin simulacrum (IceCv)
  2 ice beasts
  22 orc warriors
  A necrophage (D:5)
  A phantom (D:8)
  8 ogres
  A centaur (D:8)
  4 wolves (D:9)
  4 crocodiles
  A big kobold (D:12)
  8 bullfrogs
  2 earth elementals
  3 scorpions
  9 wights
  14 killer bees
  3 howler monkeys
  An electric eel (D:11)
  8 crimson imps
  2 draconian simulacra (IceCv)
  2 hounds
  17 jellies
  25 orc priests
  11 orc wizards
  A gnoll shaman (D:5)
  Crazy Yiuf (D:2)
  2 centaur skeletons
  12 worker ants
  3 troll simulacra (IceCv)
  A spriggan simulacrum (IceCv)
  A wolf simulacrum (IceCv)
  2 centaur simulacra (IceCv)
  2 hound zombies
  A hound skeleton (D:5)
  A worker ant zombie (D:5)
  8 gnolls
  6 naga simulacra (IceCv)
  3 ogre simulacra (IceCv)
  15 adders
  7 shadow imps
  5 white imps (IceCv)
  5 ufetubi (IceCv)
  An ooze (Lair:6)
  An adder zombie (D:6)
  2 adder skeletons
  4 worms
  A leopard gecko (D:1)
  57 orcs
  4 bats
  2 giant cockroaches
  3 goblins
  7 hobgoblins
  18 jackals
  3 quokkas
  3 ball pythons
  A ball python skeleton (D:5)
  4 frilled lizards
  12 kobolds
  5 rats
  3 plants
705 creatures vanquished.

Vanquished Creatures (collateral kills)
  A very ugly thing (D:10)
1 creature vanquished.

Vanquished Creatures (others)
  A deep elf knight (Elf:1)
  A water elemental (Elf:1)
  A white imp (IceCv)
  2 ufetubi (IceCv)
  5 fungi (Lair:5)
  20 plants
30 creatures vanquished.

Grand Total: 736 creatures vanquished

Notes
Turn   | Place    | Note
-------+----------+-------------------------------------------
     0 | D:1      | Morbidden the Fairy Conjurer began the quest for the Orb.
     0 | D:1      | Reached XP level 1. HP: 11/11 MP: 6/6
   254 | D:1      | Reached skill level 5 in Conjurations
   393 | D:1      | Reached XP level 2. HP: 17/17 MP: 7/7
   521 | D:1      | Learned a level 2 spell: Searing Ray
   637 | D:1      | Reached skill level 3 in Spellcasting
  1081 | D:2      | Reached XP level 3. HP: 21/21 MP: 9/9
  1176 | D:2      | Reached XP level 4. HP: 22/27 MP: 5/10
  1833 | D:2      | Found a runed door.
  2161 | D:2      | Noticed Crazy Yiuf
  2173 | D:2      | Killed Crazy Yiuf
  2173 | D:2      | Reached skill level 4 in Spellcasting
  2173 | D:2      | Reached XP level 5. HP: 26/32 MP: 8/13
  2260 | D:3      | Learned a level 3 spell: Iskenderun's Mystic Blast
  2655 | D:3      | Found a sparkling altar of Nemelex Xobeh.
  2695 | D:3      | Found a corrupted altar of Lugonu.
  2741 | D:3      | Reached skill level 1 in Fighting
  2741 | D:3      | Reached XP level 6. HP: 29/38 MP: 14/14
  2872 | D:4      | Found a basalt altar of Yredelemnul.
  3266 | D:4      | Found a radiant altar of Vehumet.
  3268 | D:4      | Found a burning altar of Makhleb.
  3620 | D:4      | Became a worshipper of Vehumet
  3681 | D:5      | Entered Level 5 of the Dungeon
  3716 | D:5      | Reached skill level 5 in Spellcasting
  3719 | D:5      | Reached skill level 5 in Dodging
  3719 | D:5      | Reached XP level 7. HP: 43/43 MP: 5/16
  3990 | D:5      | Found a shadowy altar of Dithmenos.
  4022 | D:5      | Reached skill level 6 in Spellcasting
  4045 | D:5      | Reached * piety under Vehumet
  4045 | D:5      | Offered knowledge of Sandblast by Vehumet.
  4084 | D:5      | Reached XP level 8. HP: 51/51 MP: 3/19
  4275 | D:5      | Reached skill level 1 in Long Blades
  4813 | D:6      | Learned a level 4 spell: Airstrike
  4852 | D:6      | Reached skill level 1 in Air Magic
  4856 | D:6      | Noticed Eustachio
  4872 | D:6      | Killed Eustachio
  5320 | D:6      | Reached skill level 7 in Spellcasting
  5320 | D:6      | Reached XP level 9. HP: 57/57 MP: 21/21
  5611 | D:7      | Offered knowledge of Flame Tongue by Vehumet.
  5620 | D:7      | Reached ** piety under Vehumet
  6060 | D:7      | Found a staircase to the Ecumenical Temple.
  6092 | D:7      | Reached skill level 8 in Spellcasting
  6176 | D:7      | Noticed a troll
  6179 | D:7      | Killed a troll
  6182 | D:7      | Noticed a white ugly thing
  6188 | D:7      | Killed a white ugly thing
  6199 | D:7      | Reached XP level 10. HP: 65/65 MP: 18/24
  6285 | D:7      | Got a bloodstained dagger
  6286 | D:7      | Identified the cursed +1 dagger of the Chain {freeze, *Rage
                  | Str-5 Int+3 Dex+5} (You found it on level 7 of the Dungeon)
  6930 | D:8      | Reached skill level 9 in Spellcasting
  6933 | D:8      | Offered knowledge of Dazzling Spray by Vehumet.
  6982 | D:8      | Reached skill level 10 in Conjurations
  6990 | D:8      | Reached skill level 5 in Fighting
  6991 | D:8      | Reached *** piety under Vehumet
  7303 | D:8      | Found a staircase to the Orcish Mines.
  7398 | D:8      | Noticed a two-headed ogre
  7404 | D:8      | Killed a two-headed ogre
  7488 | D:8      | Found a shattered altar of Ashenzari.
  7577 | D:8      | Offered knowledge of Inner Flame by Vehumet.
  7792 | D:9      | Noticed a two-headed ogre
  7796 | D:9      | Killed a two-headed ogre
  7796 | D:9      | Reached skill level 10 in Spellcasting
  7797 | D:9      | Found an ancient bone altar of Kikubaaqudgha.
  7797 | D:9      | Noticed a two-headed ogre
  7798 | D:9      | Noticed a cyclops
  7805 | D:9      | Killed a cyclops
  7829 | D:9      | Noticed Maurice
  7835 | D:9      | Killed Maurice
  7835 | D:9      | Reached XP level 11. HP: 36/72 MP: 7/27
  7839 | D:9      | Killed a two-headed ogre
  7839 | D:9      | Reached skill level 5 in Air Magic
  8225 | D:9      | Noticed Grum
  8229 | D:9      | Reached skill level 11 in Spellcasting
  8232 | D:9      | Killed Grum
  8242 | D:9      | Found Kimeut's Assorted Antiques.
  8383 | D:9      | Found a hazy altar of Hepliaklqana.
  8479 | D:9      | Reached **** piety under Vehumet
  8647 | D:10     | Entered Level 10 of the Dungeon
  8652 | D:10     | Found Fedain's General Store.
  8664 | D:10     | Reached skill level 10 in Dodging
  8704 | D:10     | Found a staircase to the Lair.
  8729 | D:10     | Offered knowledge of Ignite Poison by Vehumet.
  8732 | D:10     | Noticed a two-headed ogre
  8736 | D:10     | Killed a two-headed ogre
  8877 | D:10     | Noticed a purple very ugly thing
  8899 | D:10     | Killed a purple very ugly thing
  9274 | D:10     | Found a runed translucent gate.
  9274 | D:10     | Noticed Vatovie's ghost (journeyman GrFi)
  9275 | D:10     | Found a runed translucent gate.
  9276 | D:10     | Found a runed translucent gate.
  9293 | D:10     | Identified the cursed +2 trident of Descent {pierce, *Drain
                  | Str+4 Dex+4}
  9294 | D:10     | Found a roughly hewn altar of Beogh.
  9313 | D:10     | Killed Vatovie's ghost
  9313 | D:10     | Reached skill level 12 in Spellcasting
  9353 | D:10     | Got a distressingly furry helmet
  9356 | D:10     | Identified the +1 helmet of the Valley {rC- rN+ Int+3} (You
                  | found it on level 10 of the Dungeon)
  9523 | D:11     | Found Puesy's Armour Shoppe.
  9523 | D:11     | Noticed Erolcha
  9530 | D:10     | Killed Erolcha
  9531 | D:10     | Reached skill level 1 in Evocations
  9531 | D:10     | Reached XP level 12. HP: 67/80 MP: 30/30
  9541 | D:11     | Bought a +1 buckler of fire resistance for 247 gold pieces
  9553 | D:11     | Noticed Rupert
  9564 | D:11     | Found Hialeo's Armour Boutique.
  9572 | D:11     | Bought a +0 helmet for 49 gold pieces
  9576 | D:11     | Noticed a centaur warrior
  9579 | D:11     | Found a gate to the Vaults.
  9596 | D:11     | Found Rel Zec's Magic Scroll Emporium.
  9610 | D:11     | Killed a centaur warrior
  9610 | D:11     | Reached ***** piety under Vehumet
  9610 | D:11     | Offered knowledge of Bolt of Cold by Vehumet.
  9610 | D:11     | Reached skill level 1 in Shields
  9649 | D:11     | Noticed Fannar
  9665 | D:11     | Killed Fannar
  9671 | D:11     | Found Ani Hual's Antique Weapon Shoppe.
  9672 | D:11     | Found a gate leading to a gauntlet.
  9688 | Gauntlet | Entered a Gauntlet
  9688 | Gauntlet | Found a transporter.
  9688 | Gauntlet | Found a transporter.
  9695 | Gauntlet | Found a transporter.
  9708 | Gauntlet | Found a transporter.
  9722 | Gauntlet | Found a transporter.
  9738 | Gauntlet | Found a transporter.
  9750 | Gauntlet | Noticed a green death
  9815 | Gauntlet | Found a transporter.
  9830 | Gauntlet | Found a transporter.
  9844 | Gauntlet | Found a transporter.
  9860 | Gauntlet | Found a transporter.
  9873 | Gauntlet | Found a transporter.
  9940 | Gauntlet | Found a transporter.
  9948 | Gauntlet | Found a transporter.
  9951 | Gauntlet | Noticed a six-headed hydra
  9951 | Gauntlet | Noticed a death scarab
  9953 | Gauntlet | Found a transporter.
  9957 | Gauntlet | Found a transporter.
  9971 | Gauntlet | Reached skill level 10 in Shields
  9971 | Gauntlet | Reached XP level 13. HP: 86/86 MP: 31/31
  9973 | Gauntlet | Found a transporter.
 10269 | Gauntlet | Noticed a minotaur
 10275 | Gauntlet | Killed a minotaur
 10294 | Gauntlet | Reached skill level 5 in Long Blades
 10472 | D:11     | Reached skill level 13 in Spellcasting
 10558 | D:11     | Killed Rupert
 10618 | D:11     | Noticed Erica
 10623 | D:11     | Killed Erica
 10772 | D:11     | Bought a scroll of blinking for 112 gold pieces
 10772 | D:11     | Bought a scroll of blinking for 112 gold pieces
 10942 | D:11     | Found Yrphol's General Store.
 10972 | D:11     | Reached XP level 14. HP: 93/93 MP: 31/33
 11341 | D:12     | Entered Level 12 of the Dungeon
 11343 | D:12     | Noticed Josephine
 11357 | D:12     | Killed Josephine
 11854 | D:12     | Reached skill level 14 in Spellcasting
 11864 | D:12     | Found a staircase to the Depths.
 12169 | D:11     | Identified a scroll of acquirement
 12253 | Lair:1   | Entered Level 1 of the Lair of Beasts
 12328 | Lair:1   | Learned a level 5 spell: Lee's Rapid Deconstruction
 12343 | Lair:1   | Found a basalt altar of Yredelemnul.
 12383 | Lair:1   | Offered knowledge of Orb of Destruction by Vehumet.
 12396 | Lair:1   | Learned a level 7 spell: Orb of Destruction
 12652 | Lair:1   | Reached skill level 1 in Earth Magic
 12910 | Lair:1   | Got a jet-encrusted ring mail
 13233 | Lair:2   | Found a staircase to the Snake Pit.
 13853 | Lair:3   | Noticed Gastronok
 13858 | Lair:3   | Killed Gastronok
 13862 | Lair:3   | Reached XP level 15. HP: 93/100 MP: 5/35
 14162 | Lair:3   | Noticed Sonja
 14165 | Lair:3   | Killed Sonja
 14458 | Lair:4   | Got a shimmering leather armour
 14518 | Lair:4   | Reached skill level 16 in Spellcasting
 14518 | Lair:4   | Reached XP level 16. HP: 107/107 MP: 32/38
 14519 | Lair:4   | Reached XP level 17. HP: 111/111 MP: 32/39
 14669 | Lair:4   | Found a staircase to the Swamp.
 15358 | Lair:5   | Got a twisted hat
 15369 | Lair:5   | Identified the +0 hat of Theory {Dex+4} (You acquired it on
                  | level 5 of the Lair of Beasts)
 16141 | Lair:6   | Entered Level 6 of the Lair of Beasts
 16141 | Lair:6   | Found the +0 pair of gauntlets of War {Slay+6}
 16178 | Lair:6   | Offered knowledge of Spellforged Servitor by Vehumet.
 16201 | Lair:6   | Learned a level 7 spell: Spellforged Servitor
 16396 | Lair:6   | Reached skill level 1 in Summonings
 17134 | Lair:6   | Found a staircase to the Slime Pits.
 17726 | Orc      | Entered the Orcish Mines
 17890 | Orc      | Found Miuhu's Magic Scroll Emporium.
 17893 | Orc      | Found Aveth's General Store.
 18068 | Orc      | Found a staircase to the Elven Halls.
 18188 | Orc      | Found Huexupp's Armour Boutique.
 18261 | Orc      | Found an iron altar of Okawaru.
 18464 | Orc      | Reached ****** piety under Vehumet
 18474 | Orc      | Offered knowledge of Iron Shot by Vehumet.
 18626 | Orc      | Reached skill level 17 in Spellcasting
 18856 | Orc      | Found Marynlua's Book Boutique.
 18856 | Orc      | Found Noaxt's Antique Weapon Shop.
 18856 | Orc      | Found a one-way gate leading to the halls of Pandemonium.
 19113 | Elf:1    | Entered Level 1 of the Elven Halls
 19126 | Elf:1    | Reached XP level 18. HP: 108/119 MP: 41/41
 19201 | Elf:1    | Found Hekhlaf's Gadget Shoppe.
 19541 | Elf:1    | Reached skill level 15 in Dodging
 19554 | Elf:1    | Reached skill level 15 in Conjurations
 20255 | Elf:1    | Identified the Compendium of Creative Confrontation
 20493 | Elf:2    | Offered knowledge of Freezing Cloud by Vehumet.
 20516 | Elf:2    | Learned a level 6 spell: Freezing Cloud
 20530 | Elf:2    | Found a frozen archway.
 20550 | IceCv    | Entered an ice cave
 20886 | IceCv    | Reached skill level 10 in Fighting
 21154 | IceCv    | Noticed an Ice Fiend
 21157 | IceCv    | Reached skill level 18 in Spellcasting
 21167 | IceCv    | HP: 6/120 [Ice Fiend (26)]
 21168 | IceCv    | Killed from afar by an Ice Fiend

Skill      XL: |  1  2  3  4  5  6  7  8  9 10 11 12 13 14 15 16 17 18 |
---------------+-------------------------------------------------------+-----
Conjurations   | 5 6 7 8 9 10 11 12 13 14 15 | 15.2
Dodging        | 3 4 5 6 7 8 9 10 11 12 14 15 | 15.2
Spellcasting   | 3 4 5 6 7 8 10 12 13 14 16 17 18 | 18.0
Stealth        | 2 |  2.0
Fighting       | 1 2 3 4 5 6 7 8 9 10 | 10.0
Long Blades    | 2 3 4 5 6 7 8 |  8.7
Air Magic      | 2 3 4 5 |  5.0
Evocations     | 1 2 |  2.2
Shields        | 10 11 12 13 14 | 14.0
Earth Magic    | 2 |  2.1
Summonings     | 3 4 |  4.8

Action                   |  1- 3 |  4- 6 |  7- 9 | 10-12 | 13-15 | 16-18 || total
-------------------------+-------+-------+-------+-------+-------+-------++-------
Melee: Unarmed           |     8 |       |       |       |       |       ||     8
       Falchion          |       |    49 |    76 |    11 |       |       ||   136
       Long sword        |       |       |       |     4 |       |       ||     4
       Scimitar          |       |       |       |    14 |    99 |   291 ||   404
 Cast: Magic Dart        |    44 |    88 |     6 |       |     2 |       ||   140
       Searing Ray       |     4 |     3 |       |     1 |       |       ||     8
       Iskenderun's Myst |       |    20 |   148 |   211 |   320 |   458 ||  1157
       Orb of Destructio |       |       |       |       |    40 |    57 ||    97
       Lee's Rapid Decon |       |       |       |       |     2 |       ||     2
Evoke: Box of beasts     |       |       |       |     1 |     1 |       ||     2
       Wand              |       |       |       |     4 |     1 |       ||     5
  Use: Scroll            |       |     8 |     1 |    16 |    11 |     8 ||    44
       Potion            |       |       |       |     1 |     2 |     3 ||     6
 Stab: Confused          |       |       |       |       |     1 |       ||     1
       Petrified         |       |       |       |       |       |     4 ||     4
  Eat: Chunk             |       |     8 |     8 |     7 |     8 |    19 ||    50
       Ration            |       |       |       |     1 |     2 |     1 ||     4
Armor: Skin              |     2 |    16 |     9 |     6 |    13 |    43 ||    89
Dodge: Dodged            |    17 |    46 |    71 |    98 |   106 |   280 ||   618
Block: Other             |     6 |    16 |    34 |    23 |       |       ||    79
       Buckler           |       |       |       |    31 |   137 |   445 ||   613
